 Dungeon Crawl Stone Soup version 0.24.0-13-gcf9b319 (webtiles) character file.

Game seed: 7635152869114251908, levelgen mode: deterministic

18179 Fang the Fighter (level 12, -8/120 HPs)
             Began as a Gargoyle Berserker on Nov 21, 2019.
             Was a High Priest of Trog.
             Killed from afar by a balrug (34 damage)
             ... with a bolt of fire
             ... on level 2 of the Abyss.
             The game lasted 00:10:58 (10626 turns).

Fang the Fighter (Gargoyle Berserker)              Turns: 10626, Time: 00:10:59

Health: -8/120     AC: 25    Str: 31    XL:     12   Next: 55%
Magic:  21/21      EV:  8    Int:  8    God:    Trog [*****.]
Gold:   905        SH: 16    Dex:  9    Spells: 11/11 levels left

rFire    . . .     SeeInvis .   a - +3 war axe
rCold    . . .     Gourm    .   n - +0 large shield
rNeg     + . .     Faith    .   b - +2 plate armour
rPois    ∞         Spirit   .   (no helmet)
rElec    +         Reflect  .   (no cloak)
rCorr    .         Harm     .   (no gloves)
MR       .....                  (no boots)
Stlth    ..........             h - amulet of regeneration
HPRegen  0.70/turn              e - ring of magical power
MPRegen  0.17/turn              (no ring)

@: berserking, liquid flames, glowing, very quick
A: negative energy resistance 1, electricity resistance, unbreathing,
petrification resistance, rot immunity, AC +8
a: Berserk, Trog's Hand, Brothers in Arms, Renounce Religion


You were on level 2 of the Abyss.
You worshipped Trog.
Trog was extremely pleased with you.
You were not hungry.

You visited 2 branches of the dungeon, and saw 13 of its levels.
You visited the Abyss 1 time.

You collected 905 gold pieces.

Inventory:

Hand Weapons
 a - a +3 war axe (weapon)
Armour
 b - a +2 plate armour (worn)
 n - a +0 large shield (worn)
Jewellery
 e - a ring of magical power (left hand)
 h - an amulet of regeneration (around neck)
Wands
 k - a wand of paralysis (4)
 p - a wand of acid (7)
 s - a wand of scattershot (4)
 w - a wand of random effects (9)
 x - a wand of digging (4)
 A - a wand of iceblast (6)
Scrolls
 f - 7 scrolls of teleportation
 l - 2 scrolls of magic mapping
 o - a scroll of identify
 v - a scroll of remove curse
 y - a scroll of acquirement {unknown}
 z - a scroll of fear {unknown}
Potions
 d - 2 potions of haste {unknown}
 g - 5 potions of heal wounds
 i - 3 potions of mutation
 j - a potion of agility
 m - 10 potions of curing
 q - 2 potions of flight
 r - 3 potions of might
 t - 2 potions of lignification {unknown}
 u - 3 potions of berserk rage
Comestibles
 c - 27 rations


   Skills:
 + Level 11.2 Fighting
 + Level 9.5 Axes
 + Level 11.0 Armour
 + Level 8.6 Dodging
 + Level 5.3 Shields


You had 11 spell levels left.
You didn't know any spells.
Your spell library was empty.

Dungeon Overview and Level Annotations

Branches:
Dungeon (12/15)            Temple (1/1) D:5            Lair (0/6) D:11
    Orc (0/2) D:10

Altars:
Elyvilon
Fedhas
Hepliaklqana
Ru
Wu Jian
Xom
Zin

Shops:
D:5 (*(


Innate Abilities, Weirdness & Mutations

You are resistant to torment.
Your stone body is resilient. (AC +8)
You are immune to poison.
You resist negative energy. (rN+)
You are resistant to electric shocks. (rElec)
You can survive without breathing.
You are immune to petrification.
You are immune to rotting.


Message History

You slash the apocalypse crab! You slash the red devil!
You slash the flying skull!
You destroy the flying skull!
Trog accepts your kill.
You are covered in liquid flames!
* * * LOW HITPOINT WARNING * * *
The red devil hits you with a +0 trident.
* * * LOW HITPOINT WARNING * * *
You block the apocalypse crab's attack. x2
You are too injured to fight recklessly!
You are too injured to fight recklessly!
You are covered in liquid flames!
* * * LOW HITPOINT WARNING * * *
You hit the apocalypse crab but do no damage.
The apocalypse crab is severely wounded.
You are covered in liquid flames!
* * * LOW HITPOINT WARNING * * *
The balrug gestures at you.
The bolt of fire misses the red devil.
The bolt of fire hits you!!
You die...

##... ###....
....... ###.....
####. #.......
......
.......##......
...............
......t@#.......#
.....##..# ....#
#..###4### ..... #
#.2#4# # .. ..
.#....... #..# .
#............#....#
...............##
.#....#...........
# ##.. .####. .. ##


You could see a balrug, an apocalypse crab and 2 red devils.

Vanquished Creatures
  Erica (D:9)
  3 two-headed ogres
  An unseen horror (D:12)
  2 wizards (D:12)
  Pikel (D:5)
  2 deep elf magi (D:12)
  An ugly thing (D:12)
  An orange demon (Abyss:2)
  A smoke demon (Abyss:2)
  A centaur zombie (D:10)
  3 kobold demonologists (D:12)
  A troll (D:8)
  A hippogriff (D:8)
  4 flying skulls (Abyss:2)
  A wraith (D:11)
  4 yaks (D:10)
  5 hungry ghosts
  3 wyverns (D:11)
  A basilisk (D:11)
  2 steam dragons (D:11)
  A two-headed ogre zombie (D:10)
  Duvessa (D:7)
  4 water moccasins
  4 orc warriors
  2 sky beasts
  4 ice beasts
  5 black bears
  8 phantoms
  7 ogres
  A crocodile (D:11)
  4 centaurs
  3 big kobolds
  A gnoll sergeant (D:10)
  9 bullfrogs
  Dowan (D:7)
  3 scorpions
  A troll zombie (D:10)
  4 killer bees (D:9)
  5 electric eels (D:7)
  3 howler monkeys
  4 spriggan skeletons (D:11)
  7 crimson imps
  A bullfrog zombie (D:6)
  A lava snake (D:10)
  4 jellies
  5 hounds
  7 orc wizards
  A gnoll shaman (D:4)
  4 orc priests
  2 centaur skeletons (D:11)
  3 iguanas
  7 worker ants
  6 ogre zombies (D:10)
  4 hound zombies
  A worker ant zombie (D:10)
  10 gnolls
  A howler monkey skeleton (D:7)
  6 adders
  3 shadow imps
  An adder zombie (D:9)
  A worm (D:4)
  2 dart slugs (D:1)
  4 leopard geckos
  56 orcs
  A ball python (D:2)
  6 bats
  6 giant cockroaches
  5 goblins
  5 hobgoblins
  7 jackals
  7 quokkas
  2 frilled lizards (D:1)
  2 goblin skeletons (D:10)
  3 goblin zombies (D:10)
  2 hobgoblin skeletons (D:10)
  A hobgoblin zombie (D:10)
  20 kobolds
  2 leopard gecko zombies
  An orc skeleton (D:10)
  16 orc zombies (D:10)
  2 quokka skeletons
  8 rats
  A plant (D:7)
348 creatures vanquished.

Vanquished Creatures (collateral kills)
  A hydra (D:8)
  A centaur (D:8)
  A killer bee (D:8)
  A centaur zombie (D:8)
  A jelly (D:8)
  A leopard gecko (D:8)
6 creatures vanquished.

Vanquished Creatures (others)
  A wyvern (D:11)
  A slave (D:5)
  A centaur (D:5)
  3 hounds (D:5)
  2 worker ants (D:5)
  An adder (D:5)
  A dart slug (D:5)
  An orc (D:11)
11 creatures vanquished.

Grand Total: 365 creatures vanquished

Notes
Turn   | Place    | Note
-------+----------+-------------------------------------------
     0 | D:1      | Fang the Gargoyle Berserker began the quest for the Orb.
     0 | D:1      | Reached XP level 1. HP: 14/14 MP: 1/1
   367 | D:1      | Reached XP level 2. HP: 16/19 MP: 2/2
   737 | D:1      | Reached XP level 3. HP: 22/23 MP: 3/3
  1079 | D:2      | Reached ** piety under Trog
  1173 | D:2      | You fall into a shaft and drop 1 floor!
  1273 | D:3      | Noticed a bullfrog
  1283 | D:3      | Killed a bullfrog
  1283 | D:3      | Reached XP level 4. HP: 18/29 MP: 4/4
  1386 | D:3      | Reached XP level 5. HP: 15/33 MP: 5/5
  2245 | D:3      | Found a faded altar of an unknown god.
  2629 | D:2      | Found a white marble altar of Elyvilon.
  2846 | D:4      | Reached XP level 6. HP: 38/39 MP: 6/6
  3392 | D:4      | Noticed a phantom
  3410 | D:4      | Killed a phantom
  3410 | D:4      | Reached skill level 5 in Fighting
  3410 | D:4      | Reached XP level 7. HP: 40/44 MP: 7/7
  3594 | D:5      | Entered Level 5 of the Dungeon
  3594 | D:5      | Found a staircase to the Ecumenical Temple.
  3595 | D:5      | Found a glowing silver altar of Zin.
  3617 | D:5      | Noticed Pikel
  3631 | D:5      | Killed Pikel
  3631 | D:5      | Reached skill level 5 in Armour
  3631 | D:5      | Reached XP level 8. HP: 51/51 MP: 8/8
  3636 | D:5      | Reached skill level 5 in Axes
  3640 | D:5      | Reached *** piety under Trog
  3970 | Temple   | Entered the Ecumenical Temple
  3993 | D:5      | Found Qeokocan's Antique Weapon Emporium.
  4017 | D:5      | Found Teukeg's General Store.
  4030 | D:5      | Found Ybyraif's Antique Weapon Boutique.
  4045 | D:5      | Found a shimmering altar of Xom.
  4372 | D:6      | Reached XP level 9. HP: 52/56 MP: 9/9
  4479 | D:6      | Reached skill level 5 in Dodging
  4720 | D:6      | Found a sacrificial altar of Ru.
  5100 | D:7      | Reached **** piety under Trog
  5876 | D:7      | Noticed Duvessa
  5876 | D:7      | Noticed Dowan
  5887 | D:7      | Killed Duvessa
  5903 | D:7      | Killed Dowan
  6188 | D:8      | Noticed a five-headed hydra
  6212 | D:8      | Killed a five-headed hydra
  6212 | D:8      | Reached XP level 10. HP: 61/65 MP: 10/10
  7206 | D:9      | Noticed Erica
  7222 | D:9      | Killed Erica
  7487 | D:9      | Found a glowing silver altar of Zin.
  7688 | D:9      | Found a hazy altar of Hepliaklqana.
  7698 | D:9      | Found a blossoming altar of Fedhas.
  7698 | D:9      | Found an ornate altar of the Wu Jian Council.
  7744 | D:10     | Entered Level 10 of the Dungeon
  7747 | D:10     | Reached ***** piety under Trog
  7763 | D:10     | Reached XP level 11. HP: 64/71 MP: 11/11
  8225 | D:10     | Reached skill level 10 in Fighting
  8235 | D:10     | Found a staircase to the Orcish Mines.
  8281 | D:10     | Reached skill level 1 in Shields
  8314 | D:10     | Noticed a two-headed ogre
  8330 | D:10     | Killed a two-headed ogre
  8719 | D:10     | Noticed a two-headed ogre
  8728 | D:10     | Killed a two-headed ogre
  8729 | D:10     | Received a gift from Trog
  8991 | D:11     | Reached skill level 10 in Armour
  9115 | D:11     | Noticed a two-headed ogre
  9134 | D:11     | Killed a two-headed ogre
  9705 | D:11     | Found a staircase to the Lair.
 10120 | D:12     | Reached XP level 12. HP: 58/79 MP: 12/12
 10217 | D:12     | Noticed a sun demon
 10235 | D:12     | Noticed a soul eater
 10538 | D:12     | Reached skill level 5 in Shields
 10543 | D:12     | Noticed an ogre mage
 10559 | D:12     | Cast into level 2 of the Abyss (a wizard)
 10618 | Abyss:2  | Noticed a balrug
 10626 | Abyss:2  | Killed from afar by a balrug

Levels and vault maps discovered:
D:1:      matt_arrival_refuge, layout_basic
D:2:      layout_loops_ring, overflow_temple_1_default
D:3:      layout_loops_corners, chequers_ecumenical_altar_simple
D:4:      layout_loops_ring
D:5:      layout_rooms, old_standard_altar, minmay_temple_entry_mini_moons,
          basic_altar, first_ration, serial_shops, shop_statue, shop_coins,
          shop_statue, cheibrodos_gnoll_hut, uniq_pikel
D:6:      layout_cave_pods, lemuel_round_altar
D:7:      layout_basic, serial_bayou_lagoon_b, uniq_duvessa
D:8:      minmay_bloctagon, layout_rooms
D:9:      layout_cave_pools, kennysheep_little_box, minitemple, uniq_erica
D:10:     kennysheep_six_static_rooms, layout_basic, zombieorc2_lemuel,
          grunt_ogre_cave, nrook_pool_corridor, kennysheep_generic_room_4
D:11:     layout_loops_ring, erik_lair_dragon, gauntlet_entry_generic,
          minmay_misc_feat_hallway, hangedman_tell_no_tales
D:12:     minmay_tri_stars, layout_rooms
Temple:   regret_index_temple_waves
Abyss:2:  due_exit_kobolds, hangedman_abyss_sting

Skill      XL: |  1  2  3  4  5  6  7  8  9 10 11 12 |
---------------+-------------------------------------+-----
Axes           | 3 4 5 7 8 9 |  9.5
Dodging        | 2 3 4 6 7 8 |  8.6
Fighting       | 4 5 6 8 9 10 11 | 11.2
Armour         | 3 4 5 6 8 9 10 11 | 11.0
Shields        | 3 5 |  5.3

Action                   |  1- 3 |  4- 6 |  7- 9 | 10-12 || total
-------------------------+-------+-------+-------+-------++-------
Melee: Hand axe          |   128 |   105 |       |       ||   233
       War axe           |       |    84 |   341 |   728 ||  1153
Invok: Berserk           |       |     4 |     3 |    11 ||    18
       Trog's Hand       |       |     1 |     1 |     2 ||     4
       Brothers in Arms  |       |       |     1 |       ||     1
  Use: Scroll            |       |       |    19 |     4 ||    23
  Eat: Chunk             |     1 |    10 |    17 |    19 ||    47
       Ration            |       |       |       |     5 ||     5
Armor: Animal skin       |    41 |       |       |       ||    41
       Chain mail        |     5 |   115 |   181 |       ||   301
       Plate armour      |       |       |   106 |   586 ||   692
Dodge: Dodged            |    81 |   101 |   263 |   308 ||   753
Block: Large shield      |       |       |       |   421 ||   421
